Map: Ephemeron LE

Players

BluE

  • Race: Protoss Protoss
  • Spawn Location: 5:00

Lambo - Winner!

  • Race: Zerg Zerg
  • Spawn Location: 11:00

Event: IEM Katowice 2020

VOD

Have the link to the VOD?

Description

Time

  • Played on: Feb. 25, 2020, 9:59 a.m.
  • Length: 13:37

All games in this series

Show
View Real Time Build Order
Export as new Build Order

BluE Protoss 

Build Orders: 1 Gate Expand, Oracle Opening, Phoenix Opening, Archon Immortal 

Get SALT Encoding   

  12  0:00  Probe  
  13  0:12  Probe  
  14  0:19  Pylon  
  14  0:24  Probe (Chrono Boost)  
  15  0:38  Gateway  
  15  0:39  Probe (Chrono Boost)  
  16  0:45  Probe (Chrono Boost)  
  16  0:48  Assimilator  
  17  0:53  Probe  
  18  1:05  Probe  
  19  1:17  Probe  
  20  1:28  Nexus  
  20  1:38  Cybernetics Core  
  20  1:40  Probe  
  21  1:48  Assimilator  
  21  1:54  Pylon  
  21  1:56  Probe  
  22  2:07  Probe  
  22  2:12  Adept (Chrono Boost)  
  22  2:15  Probe  
  25  2:20  Stargate  
  26  2:23  Probe  
  26  2:28  Warp Gate  
  28  2:37  Probe (Chrono Boost), Adept  
  28  2:43  Probe (Chrono Boost)  
  32  2:51  Probe x2 (Chrono Boost)  
  32  2:57  Probe  
  32  2:59  Probe  
  32  3:03  Phoenix (Chrono Boost)  
  36  3:09  Probe  
  36  3:11  Probe  
  38  3:15  Pylon  
  38  3:22  Probe, Gateway  
  38  3:23  Probe  
  40  3:28  Oracle (Chrono Boost)  
  40  3:34  Probe  
  44  3:38  Probe  
  44  3:40  Assimilator  
  45  3:42  Assimilator  
  45  3:46  Probe  
  45  3:47  Pylon  
  46  3:50  Probe  
  47  3:57  Oracle (Chrono Boost)  
  47  3:58  Probe  
  51  4:02  Probe  
  51  4:08  Robotics Facility  
  52  4:10  Probe  
  52  4:12  Pylon  
  52  4:15  Probe  
  54  4:20  Adept  
  54  4:22  Probe  
  57  4:29  Nexus  
  57  4:30  Probe  
  58  4:34  Probe  
  58  4:35  Oracle (Chrono Boost)  
  62  4:42  Probe  
  62  4:44  Sentry x2  
  67  4:46  Probe  
  67  4:48  Pylon  
  68  4:54  Probe  
  68  4:56  Observer  
  70  5:01  Pylon  
  70  5:06  Probe x2  
  72  5:14  Pylon, Warp Prism (Chrono Boost)  
  72  5:16  Forge  
  72  5:18  Probe  
  72  5:20  Forge  
  75  5:22  Probe  
  75  5:25  Sentry x2  
  80  5:44  Immortal (Chrono Boost)  
  80  5:47  Probe x2  
  86  5:53  Probe  
  86  5:55  Protoss Ground Weapons Level 1 (Chrono Boost)  
  87  5:57  Adept  
  87  5:58  Adept  
  87  5:59  Probe  
  87  6:01  Probe, Twilight Council  
  93  6:07  Probe  
  93  6:08  Protoss Ground Armor Level 1 (Chrono Boost)  
  94  6:11  Probe  
  94  6:13  Probe  
  94  6:14  Pylon  
  94  6:16  Gateway  
  96  6:19  Probe  
  96  6:20  Gateway  
  96  6:21  Observer  
  97  6:26  Immortal (Chrono Boost)  
  99  6:34  Charge (Chrono Boost)  
  99  6:38  Gateway  
  99  6:39  Gateway  
  97  6:40  Probe x2  
  97  6:42  Observer  
  97  6:43  Assimilator  
  97  6:44  Probe  
  100  6:47  Assimilator  
  100  6:48  Zealot x2  
  100  6:51  Pylon  
  100  6:52  Probe  
  100  6:53  Probe  
  106  6:56  Probe  
  106  6:57  Immortal (Chrono Boost)  
  111  7:07  Probe  
  112  7:08  Templar Archives  
  112  7:18  Zealot  
  112  7:19  Zealot x3  
  120  7:23  Phoenix (Chrono Boost)  
  120  7:25  Nexus  
  120  7:28  Pylon  
  120  7:29  Colossus  
  122  7:36  Pylon, Photon Cannon  
  122  7:40  Photon Cannon  
  122  7:41  Pylon  
  122  7:45  Photon Cannon  
  122  7:46  Immortal  
  122  7:49  High Templar x2  
  122  7:50  High Templar  
  132  7:54  High Templar  
  132  7:58  Pylon  
  132  7:59  Pylon, Archon x2  
  132  8:05  Pylon  
  132  8:06  Observer  
  132  8:08  Pylon  
  132  8:10  Protoss Ground Armor Level 2 (Chrono Boost)  
  132  8:13  Protoss Ground Weapons Level 2 (Chrono Boost)  
  132  8:16  Phoenix  
  134  8:23  Photon Cannon x2  
  134  8:25  Immortal  
  138  8:32  Probe  
  138  8:42  Zealot  
  138  8:44  Probe, Zealot  
  141  8:50  Zealot x4  
  148  9:04  Immortal  
  148  9:09  Gateway  
  135  9:12  Gateway  
  135  9:15  High Templar x5, Gateway  
  135  9:16  Gateway  
  145  9:19  High Templar  
  145  9:22  Assimilator  
  145  9:23  Archon x2  
  147  9:27  Assimilator, Blink (Chrono Boost)  
  147  9:28  Archon  
  147  9:29  Pylon  
  148  9:46  Pylon  
  148  9:51  High Templar x2, Zealot x3  
  148  9:52  Zealot  
  160  9:55  Warp Prism  
  160  9:57  Archon  
  150  10:11  Pylon  
  150  10:12  High Templar x2, Zealot x4  
  162  10:17  Archon  
  162  10:25  Stalker x4  
  170  10:29  Pylon, Dark Shrine  
  170  10:33  Warp Prism  
  172  10:42  Stalker x4  
  180  10:45  Pylon  
  180  10:48  Zealot x3  
  180  10:49  Zealot  
  177  11:09  Zealot x2  
  177  11:10  Zealot x6  
  180  11:26  Zealot x2  
  180  11:30  Zealot x2  
  180  11:35  Stalker x2  
  180  11:36  Stalker x3  
  180  11:39  Zealot  
  148  11:52  Zealot  
  128  12:00  Warp Prism (Chrono Boost)  
  116  12:04  Zealot  
  116  12:07  High Templar x3  
  116  12:08  High Templar x3  
  118  12:09  Zealot x2  
  118  12:12  Archon x2  
  118  12:13  Archon  
  126  12:19  Probe  
  126  12:20  Probe x2  
  129  12:25  Probe  
  130  12:30  High Templar x4  
  130  12:32  Probe  
  130  12:34  Archon x2  
  130  12:35  Probe  
  130  12:36  Probe  
  141  12:41  Probe  
  141  12:43  Pylon  
  141  12:44  Probe  
  143  12:50  Stalker  
  143  12:51  Stalker x3  
  151  12:56  Zealot x2  
  145  13:11  Stalker  
  145  13:12  Stalker x3  
  130  13:26  Zealot  
  130  13:27  Zealot x4  
Show
View Real Time Build Order
Export as new Build Order

Lambo Zerg - Winner!

Build Orders: Hatch First, Brood Lord Corruptor 

Get SALT Encoding   

  12  0:00  Drone  
  13  0:12  Overlord  
  13  0:17  Drone  
  14  0:30  Drone x2  
  16  0:48  Hatchery  
  15  0:51  Drone  
  15  0:56  Drone  
  17  0:59  Drone  
  18  1:10  Extractor  
  17  1:15  Spawning Pool  
  17  1:17  Drone  
  17  1:20  Drone  
  18  1:29  Drone  
  19  1:39  Drone  
  20  1:51  Overlord  
  20  2:01  Queen  
  20  2:02  Zergling x4, Queen  
  26  2:12  Drone x2  
  28  2:23  Drone x2  
  30  2:33  Drone  
  30  2:35  Hatchery  
  30  2:37  Pneumatized Carapace  
  30  2:41  Drone  
  31  2:44  Drone  
  31  2:48  Overlord  
  32  2:54  Queen  
  34  2:58  Drone  
  34  3:03  Drone  
  36  3:08  Drone x2  
  36  3:10  Drone x2  
  40  3:14  Metabolic Boost  
  40  3:16  Overlord  
  40  3:21  Drone  
  40  3:22  Drone  
  42  3:30  Queen  
  44  3:35  Drone x2  
  44  3:37  Drone  
  44  3:40  Overlord  
  47  3:48  Drone x3  
  50  3:50  Spore Crawler  
  50  3:51  Spore Crawler  
  50  3:52  Drone x2  
  50  3:55  Overlord  
  50  4:01  Overlord  
  50  4:04  Spore Crawler  
  50  4:05  Drone x2  
  50  4:09  Queen  
  53  4:10  Drone  
  53  4:13  Zergling x2  
  53  4:14  Zergling x2  
  56  4:17  Zergling x2  
  56  4:18  Drone x2  
  56  4:23  Overlord  
  59  4:30  Overlord  
  59  4:31  Drone x3  
  60  4:34  Roach Warren  
  60  4:35  Overlord  
  61  4:38  Drone x3  
  61  4:41  Drone x2  
  61  4:44  Overlord  
  61  4:45  Drone  
  66  4:47  Drone  
  66  4:49  Drone  
  66  4:50  Drone x2  
  70  4:53  Extractor x2  
  70  4:54  Overlord  
  70  4:57  Overlord  
  70  4:58  Drone  
  69  5:02  Drone x3  
  73  5:07  Drone  
  73  5:08  Lair  
  73  5:09  Drone  
  73  5:11  Drone  
  75  5:15  Drone x3  
  75  5:19  Zergling x2  
  79  5:23  Extractor x2, Drone, Evolution Chamber  
  79  5:27  Drone  
  78  5:29  Extractor  
  73  5:36  Drone x6  
  73  5:38  Drone  
  73  5:42  Drone x4  
  80  5:47  Drone  
  79  5:50  Zerg Missile Weapons Level 1  
  79  5:54  Drone x2  
  81  5:58  Baneling Nest  
  81  6:03  Drone x4  
  84  6:04  Drone  
  84  6:05  Drone  
  84  6:07  Overlord x2  
  84  6:08  Hatchery  
  84  6:10  Roach  
  87  6:12  Roach  
  87  6:13  Roach  
  91  6:19  Spire  
  91  6:20  Overlord  
  91  6:24  Overlord  
  90  6:28  Drone x4  
  90  6:31  Drone x2  
  94  6:34  Drone x2  
  98  6:40  Roach  
  98  6:41  Glial Reconstitution, Centrifical Hooks  
  98  6:51  Evolution Chamber  
  98  6:52  Zergling x14  
  104  6:55  Roach x2  
  104  6:58  Overlord  
  104  6:59  Overlord  
  108  7:03  Overlord  
  108  7:04  Roach  
  108  7:08  Overlord  
  110  7:12  Overseer  
  110  7:15  Drone x4  
  111  7:16  Infestation Pit  
  111  7:20  Drone x3  
  111  7:21  Zerg Melee Weapons Level 1  
  116  7:23  Drone  
  116  7:24  Drone x2  
  116  7:25  Queen  
  116  7:26  Spore Crawler, Overlord  
  120  7:32  Roach x3  
  120  7:35  Roach x2  
  131  7:37  Ravager x6  
  131  7:40  Roach x2  
  141  7:44  Spore Crawler  
  141  7:45  Overlord  
  141  7:47  Roach x2  
  141  7:48  Roach x2  
  141  7:51  Baneling x7  
  148  7:54  Overlord  
  148  7:57  Roach x3  
  154  8:01  Roach x3  
  160  8:07  Hive  
  160  8:10  Zergling x4  
  160  8:11  Ravager  
  160  8:12  Ravager  
  164  8:15  Zergling x10  
  164  8:19  Hatchery  
  168  8:20  Zergling x14  
  168  8:26  Zergling x12  
  181  8:33  Zergling x10, Zerg Missile Weapons Level 2  
  186  8:47  Zergling x12  
  191  8:49  Roach x3  
  191  8:54  Zergling x2  
  191  8:55  Overlord  
  191  8:57  Overlord  
  191  8:59  Overlord  
  184  9:04  Extractor  
  184  9:07  Ravager x3  
  184  9:09  Baneling x11  
  176  9:14  Corruptor, Extractor  
  176  9:15  Corruptor x4  
  176  9:16  Zerg Melee Weapons Level 2  
  185  9:24  Greater Spire  
  185  9:35  Drone x2  
  185  9:36  Drone  
  185  9:37  Drone x3  
  175  9:57  Queen  
  177  10:00  Zergling x2  
  177  10:01  Zergling x42  
  195  10:08  Zergling x2  
  196  10:18  Baneling x6  
  196  10:27  Overseer  
  196  10:33  Corruptor x2  
  200  10:38  Overlord  
  200  10:41  Extractor  
  199  10:46  Extractor  
  199  10:47  Brood Lord  
  200  10:53  Baneling x18  
  192  11:07  Brood Lord x4, Zergling x8  
  192  11:08  Zergling x2  
  192  11:10  Baneling x8  
  196  11:17  Zergling x26  
  197  11:18  Brood Lord  
  197  11:25  Zergling x14  
  200  11:29  Zergling x2  
  200  11:30  Zergling x8  
  187  11:33  Zergling x2  
  187  11:38  Roach  
  187  11:39  Queen  
  160  11:40  Queen x2  
  160  11:42  Baneling  
  160  11:43  Baneling x4  
  160  11:44  Roach x3  
  154  11:49  Roach  
  154  11:50  Queen  
  154  11:52  Roach x2  
  154  11:53  Roach  
  149  12:00  Roach  
  143  12:03  Corruptor  
  143  12:04  Corruptor x2  
  146  12:12  Zergling x6  
  146  12:14  Corruptor  
  146  12:15  Queen  
  151  12:21  Corruptor  
  155  12:30  Drone x3  
  155  12:33  Zergling x8  
  162  12:39  Hatchery  
  162  12:40  Overlord  
  162  12:42  Brood Lord x3  
  162  12:43  Zergling x12  
  173  12:46  Brood Lord  
  173  12:48  Queen x2  
  173  12:49  Zergling x4  
  181  12:51  Baneling x11  
  181  12:54  Brood Lord  
  181  12:57  Zergling x2  
  184  13:03  Baneling x8  
  184  13:05  Zergling x16  
  192  13:09  Baneling x7  

Tags
 
Add a new tag
Caveats
  • Supply blocks, unpowered buildings, or Contaminate may cause inaccurate times.
  • Supply counts are checked every 10 seconds.